[Event "ICC tourney 2595 (40 10)"]
[Site "Internet Chess Club"]
[Date "2021.06.05"]
[Round "5"]
[White "LIU, BRYAN:coolcoolsugar"]
[Black "KUNAMNENI, SUJAY:sujay2010"]
[Result "0-1"]
[ICCResult "White checkmated"]
[WhiteElo "622"]
[BlackElo "1315"]
[Opening "Sicilian: Taimanov (Bastrikov) variation"]
[ECO "B47"]
[NIC "SI.40"]
[Time "20:01:29"]
[PlyCount "138"]
[TimeControl "2400+10"]

1. e4 c5 2. Nf3 e6 3. Nc3 Nc6 4. d4 cxd4 5. Nxd4 Qc7 6. Be2 a6 7. O-O Nf6
8. Be3 Be7 9. f4 d6 10. Kh1 Bd7 11. Qe1 O-O 12. Qg3 Kh8 13. Nf3 Nb4 14.
Rac1 d5 15. e5 Ne4 16. Nxe4 dxe4 17. Ng5 Bxg5 18. fxg5 Nxa2 19. Rcd1 Bb5
20. Bxb5 axb5 21. Rd2 Nb4 22. Qf4 Nxc2 23. Qxe4 Nxe3 24. Qxe3 b6 25. Rfd1
Kg8 26. h4 Ra2 27. Rd7 Qc5 28. Qd3 Rxb2 29. Rd8 Rb4 30. Rxf8+ Qxf8 31. g3
h6 32. gxh6 Qa8+ 33. Kg1 gxh6 34. Rf1 Rb2 35. Qf3 Qxf3 36. Rxf3 Re2 37. Rc3
b4 38. Rb3 Re4 39. Kf2 Kg7 40. Kf3 Rc4 41. Ke2 h5 42. Rb1 f6 43. exf6+ Kxf6
44. Kd3 b5 45. Rb3 Rc3+ 46. Rxc3 bxc3 47. Kxc3 Ke5 48. Kb4 Kf5 49. Kxb5 Kg4
50. Kc6 Kxg3 51. Kd6 Kxh4 52. Kxe6 Kg3 53. Kf5 h4 54. Ke4 h3 55. Ke3 h2 56.
Kd4 h1=Q 57. Ke5 Qh4 58. Ke6 Qh5 59. Kd6 Kf4 60. Kc6 Qe5 61. Kb7 Qe6 62.
Kc7 Ke5 63. Kb7 Kd5 64. Kc7 Qd6+ 65. Kb7 Qc6+ 66. Kb8 Qd7 67. Ka8 Kc6 68.
Kb8 Qc7+ 69. Ka8 Qb7# { White checkmated } 0-1

[Event "ICC tourney 2595 (40 10)"]
[Site "Internet Chess Club"]
[Date "2021.06.05"]
[Round "5"]
[White "MANE, ARNAV KISHOR:georgianknight"]
[Black "SARAVANAN, ARYA:aryasaravanan"]
[Result "0-1"]
[ICCResult "White checkmated"]
[WhiteElo "1396"]
[BlackElo "1240"]
[Opening "Sicilian: Canal-Sokolsky (Nimzovich-Rossolimo, Moscow) attack"]
[ECO "B51"]
[NIC "SI.01"]
[Time "20:01:15"]
[PlyCount "118"]
[TimeControl "2400+10"]

1. e4 c5 2. Nf3 d6 3. Bb5+ Nc6 4. O-O Bd7 5. Re1 e6 6. c3 Nge7 7. d4 cxd4
8. cxd4 d5 9. exd5 Nxd5 10. Nc3 Nce7 11. Bc4 Bc6 12. Ne5 Ng6 13. Nxd5 Bxd5
14. Bxd5 Qxd5 15. Qa4+ b5 16. Qd1 Be7 17. h3 Rd8 18. Nxg6 hxg6 19. Be3 Bf6
20. Qb3 a6 21. Qxd5 Rxd5 22. Red1 O-O 23. Rd2 Rfd8 24. Rad1 a5 25. a3 a4
26. Rd3 e5 27. b3 exd4 28. Bf4 axb3 29. Rxb3 d3 30. Bd2 Be7 31. Rdb1 f5 32.
Rxb5 Rxb5 33. Rxb5 Bxa3 34. Rb3 Be7 35. Kf1 Kf7 36. Ke1 Bc5 37. Be3 Bxe3
38. fxe3 d2+ 39. Kd1 Ke6 40. Rb2 Rd3 41. Rxd2 Rxe3 42. Re2 Rxe2 43. Kxe2 g5
44. Kf3 Ke5 45. g3 g6 46. Ke3 f4+ 47. Kf3 Kf5 48. gxf4 gxf4 49. h4 Ke5 50.
Ke2 Ke4 51. Ke1 Ke3 52. Kf1 Kf3 53. Kg1 Ke2 54. h5 gxh5 55. Kg2 f3+ 56. Kg1
f2+ 57. Kh2 f1=Q 58. Kg3 Qf3+ 59. Kh4 Qg4# { White checkmated } 0-1

[Event "ICC tourney 2595 (40 10)"]
[Site "Internet Chess Club"]
[Date "2021.06.05"]
[Round "5"]
[White "JACKSON, MASSIMO MATEO:Yeetamus123"]
[Black "Smith, Graham Bradley:Smittyboy13"]
[Result "0-1"]
[ICCResult "White checkmated"]
[WhiteElo "1355"]
[BlackElo "1043"]
[Opening "Scotch: Potter variation"]
[ECO "C45"]
[NIC "SO.05"]
[Time "20:01:30"]
[PlyCount "164"]
[TimeControl "2400+10"]

1. e4 e5 2. Nf3 Nc6 3. d4 exd4 4. Nxd4 Bc5 5. Nb3 Bb6 6. Nc3 d6 7. Qe2 Be6
8. Be3 Nf6 9. f3 Qe7 10. h4 d5 11. O-O-O Rd8 12. exd5 Nxd5 13. Nxd5 Rxd5
14. Rxd5 Bxd5 15. Bxb6 Qxe2 16. Bxe2 axb6 17. Re1 O-O 18. Bd3 g6 19. Be4
Re8 20. Kd2 Be6 21. Bd5 Rd8 22. c4 Na5 23. Kc3 Bxd5 24. cxd5 Nxb3 25. Kxb3
Rxd5 26. Re8+ Kg7 27. Rb8 Rd2 28. Rxb7 Rxg2 29. Rxc7 Rg3 30. Rc6 Rxf3+ 31.
Kb4 Rf6 32. Rxf6 Kxf6 33. Kb5 Ke5 34. Kxb6 f5 35. a4 f4 36. a5 f3 37. a6 f2
38. a7 f1=Q 39. a8=Q Qf2+ 40. Kc7 Qc2+ 41. Kd7 Qf5+ 42. Kc7 Qf7+ 43. Kb6
Qb3+ 44. Kc7 Qc4+ 45. Qc6 Qxh4 46. Qc5+ Kf6 47. Qd6+ Kg7 48. Qd7+ Kh6 49.
Qd2+ g5 50. Qd6+ Kh5 51. Qd1+ g4 52. Qd5+ Qg5 53. Qh1+ Kg6 54. Qc6+ Qf6 55.
Qe4+ Qf5 56. Qc6+ Kg7 57. Qc3+ Qf6 58. Qg3 Qf7+ 59. Kc6 Qf3+ 60. Qxf3 gxf3
61. b4 f2 62. b5 f1=Q 63. b6 h5 64. b7 Qf3+ 65. Kc7 Qxb7+ 66. Kxb7 h4 67.
Kc6 h3 68. Kd5 h2 69. Ke5 h1=Q 70. Kf4 Qg2 71. Ke3 Qg4 72. Kd3 Qf4 73. Kc3
Qe4 74. Kd2 Qf3 75. Kc2 Qe3 76. Kb2 Qd3 77. Ka1 Qd2 78. Kb1 Kf6 79. Ka1 Ke5
80. Kb1 Kd4 81. Ka1 Kc3 82. Kb1 Qb2# { White checkmated } 0-1

[Event "ICC tourney 2595 (40 10)"]
[Site "Internet Chess Club"]
[Date "2021.06.05"]
[Round "5"]
[White "PANGARIBUAN, JAEDEN F:jaedenp"]
[Black "HOSUR, SANMITA:phosur"]
[Result "1-0"]
[ICCResult "Black resigns"]
[WhiteElo "682"]
[BlackElo "1248"]
[Opening "Giuoco Piano: Anderssen variation"]
[ECO "C54"]
[NIC "IG.02"]
[Time "20:01:29"]
[PlyCount "93"]
[TimeControl "2400+10"]

1. e4 e5 2. Nf3 Nc6 3. Bc4 Bc5 4. c3 Nf6 5. d4 exd4 6. e5 d5 7. Bb5 Ne4 8.
cxd4 Bb4+ 9. Nbd2 O-O 10. a3 Bxd2+ 11. Bxd2 Bg4 12. Be3 f6 13. h3 Bh5 14.
g4 Bg6 15. h4 fxe5 16. dxe5 Qd7 17. Nd4 a6 18. Bxc6 bxc6 19. h5 Bf7 20. f3
Nc5 21. Rc1 Ne6 22. Nxc6 Be8 23. O-O Qf7 24. Qxd5 Bxc6 25. Rxc6 Rfe8 26. f4
Rad8 27. Qe4 Rf8 28. f5 Rde8 29. Re1 Nd8 30. e6 Qf6 31. Rxa6 Qxb2 32. e7
Qc3 33. exf8=Q+ Rxf8 34. Bd4 Qg3+ 35. Kf1 Qh3+ 36. Kf2 Qh2+ 37. Ke3 Qg3+
38. Kd2 Nf7 39. Ra8 Qh2+ 40. Re2 Qd6 41. Rxf8+ Qxf8 42. Qe8 Nd6 43. Qxf8+
Kxf8 44. Bc5 Kf7 45. Bxd6 cxd6 46. a4 Kf6 47. a5 { Black resigns } 1-0

[Event "ICC tourney 2595 (40 10)"]
[Site "Internet Chess Club"]
[Date "2021.06.05"]
[Round "5"]
[White "BRAHMANAPALLY, SARVAGNYA:bsarvagnya"]
[Black "KONDABATHINI, NAMISH:K05-16992657"]
[Result "0-1"]
[ICCResult "White checkmated"]
[WhiteElo "1323"]
[BlackElo "1053"]
[Opening "Caro-Kann: advance variation"]
[ECO "B12"]
[NIC "CK.04"]
[Time "20:01:53"]
[PlyCount "102"]
[TimeControl "2400+10"]

1. e4 c6 2. d4 d5 3. e5 Bf5 4. Nf3 e6 5. Nc3 c5 6. Bb5+ Nc6 7. Be3 c4 8. a3
Ne7 9. Qd2 a6 10. Bxc6+ Nxc6 11. b3 cxb3 12. cxb3 Be7 13. b4 h6 14. Rc1 Rc8
15. Ne2 Be4 16. Ng3 Bxf3 17. gxf3 Qb6 18. Rg1 h5 19. Bg5 Bxg5 20. Qxg5 Qxd4
21. Qxg7 Rf8 22. Ne2 Qb2 23. Qg5 Qxa3 24. Qd2 Kd7 25. Rg3 Qxb4 26. Nc3 Nxe5
27. f4 Nc4 28. Qd4 Qc5 29. Qd3 Rg8 30. Ne4 Qb4+ 31. Nc3 Rxg3 32. fxg3 Nd6
33. Kd1 Ne4 34. Nxe4 Rxc1+ 35. Kxc1 Qxe4 36. Qb3 Qc4+ 37. Kb2 Qxb3+ 38.
Kxb3 b5 39. h3 f5 40. Kb4 d4 41. h4 a5+ 42. Kb3 Kd6 43. Kb2 a4 44. Kc2 b4
45. Kb2 d3 46. Kc1 b3 47. Kd1 b2 48. Kd2 b1=Q 49. Ke3 Qc2 50. g4 Kd5 51. g5
Qe2# { White checkmated } 0-1

[Event "ICC tourney 2595 (40 10)"]
[Site "Internet Chess Club"]
[Date "2021.06.05"]
[Round "5"]
[White "DIAO, SUJIA:DiamondUnicorn"]
[Black "Kale, Shubham:shubham07"]
[Result "1-0"]
[ICCResult "Black resigns"]
[WhiteElo "496"]
[BlackElo "1178"]
[Opening "Robatsch defense: two knights variation"]
[ECO "B06"]
[NIC "KF.05"]
[Time "20:01:21"]
[PlyCount "70"]
[TimeControl "2400+10"]

1. e4 g6 2. d4 Bg7 3. Nf3 d6 4. Nc3 a6 5. Bc4 e6 6. Bb3 Nd7 7. Bf4 Ne7 8.
Bg3 O-O 9. O-O b5 10. a3 Bb7 11. Re1 d5 12. exd5 Nxd5 13. Nxd5 Bxd5 14.
Bxd5 exd5 15. Qd3 Nb6 16. b3 Rc8 17. Rac1 c5 18. dxc5 Rxc5 19. Nd4 Qc8 20.
Qd2 Qg4 21. c3 Rfc8 22. h3 Qd7 23. Qd3 a5 24. Red1 Qb7 25. Nxb5 Qa6 26. a4
d4 27. c4 Rd8 28. Qe4 Qc8 29. Nxd4 Nd7 30. Nb5 Nf6 31. Qc2 Nh5 32. Bh2 Be5
33. Bxe5 Rxe5 34. Rxd8+ Qxd8 35. Rd1 Qc7 { Black resigns } 1-0

[Event "ICC tourney 2595 (40 10)"]
[Site "Internet Chess Club"]
[Date "2021.06.05"]
[Round "5"]
[White "Goldblatt, Steven:SGOLD9367"]
[Black "NAIR, PRANAV PRASANTH:pkcl"]
[Result "1-0"]
[ICCResult "Black checkmated"]
[WhiteElo "1343"]
[BlackElo "1216"]
[Opening "QGD: Harrwitz attack"]
[ECO "D30"]
[NIC "QP.08"]
[Time "20:01:15"]
[PlyCount "147"]
[TimeControl "2400+10"]

1. d4 d5 2. c4 e6 3. Bf4 Nf6 4. Nc3 a6 5. h3 Be7 6. e3 Nc6 7. Nf3 O-O 8.
Be2 Bd7 9. O-O h6 10. a3 Re8 11. Rc1 Na7 12. cxd5 exd5 13. Ne5 Nc6 14. Bf3
Be6 15. Nd3 Rc8 16. Na4 Na7 17. Nac5 Bxc5 18. Nxc5 b6 19. Nxa6 c6 20. Nb4
Qd7 21. Kh2 Bf5 22. Nd3 Qe6 23. Ne5 Nd7 24. Qb3 Nxe5 25. Bxe5 b5 26. Rc5
Qd7 27. Rfc1 Be6 28. Qb4 Qd8 29. g4 Kh7 30. Bg3 Kg8 31. R5c3 Kh7 32. Qd6
Qxd6 33. Bxd6 Bd7 34. Bc5 Ra8 35. Bg2 Nc8 36. f3 Ne7 37. h4 Ng6 38. Kg3 Re6
39. h5 Nh8 40. Bh3 Ree8 41. f4 Rac8 42. Bb4 Kg8 43. Bg2 Kh7 44. Rf1 Kg8 45.
g5 hxg5 46. fxg5 Re4 47. Bxe4 dxe4 48. Rf4 Re8 49. Kh4 Re6 50. Rc2 Re8 51.
Rc5 Re6 52. d5 cxd5 53. Rxd5 Bc6 54. Rd8+ Kh7 55. Rg4 Bb7 56. Bc3 Bc6 57.
Bb4 Bb7 58. Rd6 Bc8 59. Rxe6 Bxe6 60. Rxe4 Bd5 61. Re5 Be6 62. Rxb5 Bc4 63.
Rb8 Be6 64. Bc3 Bd5 65. b4 Be6 66. b5 Bd5 67. b6 Be6 68. Rd8 Bf5 69. b7 Be4
70. b8=Q Ng6+ 71. hxg6+ Kxg6 72. Qd6+ Kh7 73. Qe5 Bb1 74. Qxg7# { Black
checkmated } 1-0

[Event "ICC tourney 2595 (40 10)"]
[Site "Internet Chess Club"]
[Date "2021.06.05"]
[Round "5"]
[White "WONG, KATE:AmazingKW"]
[Black "JANAPAREDDY, SRESHTHA:Sreshthaj"]
[Result "1/2-1/2"]
[ICCResult "Game drawn by repetition"]
[WhiteElo "430"]
[BlackElo "1126"]
[Opening "Scotch game"]
[ECO "C45"]
[NIC "SO.05"]
[Time "20:01:22"]
[PlyCount "136"]
[TimeControl "2400+10"]

1. e4 e5 2. Nf3 Nc6 3. d4 exd4 4. Nxd4 Bc5 5. Nxc6 bxc6 6. Bc4 d6 7. Nc3 h6
8. O-O Nf6 9. Bf4 O-O 10. Qd3 Nh5 11. Be3 Bb6 12. Rad1 Qf6 13. Bxb6 axb6
14. a3 Qg6 15. Qf3 Bg4 16. Qd3 Bxd1 17. Rxd1 Nf4 18. Qf3 Ne6 19. Ne2 Ng5
20. Qg3 Qxe4 21. Bd3 Qe6 22. Nd4 Qd5 23. Nf5 Qe6 24. h4 Qf6 25. hxg5 hxg5
26. Qh3 g6 27. Nh6+ Kg7 28. Ng4 Qxb2 29. Qh6+ Kg8 30. Qxg5 f5 31. Qxg6+ Qg7
32. Qe6+ Kh8 33. Bxf5 Rae8 34. Qg6 Qxg6 35. Bxg6 Re6 36. Bd3 Ra8 37. Ra1
Kg7 38. Ne3 Re5 39. Nc4 Rh5 40. f3 Rah8 41. Kf2 b5 42. Ne3 Re5 43. Nf5+ Kf6
44. Ne3 Re6 45. Ng4+ Kg5 46. Ne3 Kf4 47. Ng4 Rhe8 48. Rh1 Ra8 49. Ra1 Rae8
50. Rb1 Ra8 51. Rb3 Rae8 52. Rb4+ Kg5 53. Rb1 Ra8 54. Ra1 Rae8 55. Rh1 Ra8
56. Ra1 Rae8 57. Rb1 Ra8 58. Rb3 Rae8 59. Rb1 Ra8 60. Ra1 Rae8 61. Nh2 Ra8
62. Ng4 Rae8 63. Nh2 Ra8 64. Ng4 Rae8 65. Nh2 Ra8 66. Ng4 Rae8 67. Nh2 Ra8
68. Ng4 Rae8 { Game drawn by repetition } 1/2-1/2